 Dungeon Crawl Stone Soup version 0.19-a0-1368-g41a3d51 (webtiles) character file.

1862 PurpleRed the Thaumaturge (level 8, -8/41 HPs)
             Began as a Deep Elf Fire Elementalist on Sept 2, 2016.
             Was a Follower of Vehumet.
             Mangled by an orc priest
             ... wielding a +0 mace
              (9 damage)
             ... on level 8 of the Dungeon.
             The game lasted 00:32:38 (2300 turns).

PurpleRed the Thaumaturge (DEFE)                    Turns: 2300, Time: 00:32:39

Health: -8/41      AC:  6    Str:  5    XL:     8   Next: 90%
Magic:  6/22       EV: 13    Int: 23    God:    Vehumet [*.....]
Gold:   94         SH:  0    Dex: 15    Spells: 5 memorised, 9 levels left

rFire  + . .     SeeInvis .     A - +3 dagger
rCold  . . .     Gourm    .     a - +0 robe
rNeg   . . .     Faith    .     (no shield)
rPois  .         Spirit   .     i - +1 helmet
rElec  .         Dismiss  .     o - +0 cloak
rCorr  .         Reflect  .     (no gloves)
MR     .....     Harm     .     v - +0 pair of boots
Stlth  ++........               (no amulet)
                                r - ring of protection from cold
                                E - ring of fire

@: slowed, very slow
A: no striking features
a: Renounce Religion


You were on level 8 of the Dungeon.
You worshipped Vehumet.
Vehumet was aware of your devotion.
You were hungry.

You visited 2 branches of the dungeon, and saw 10 of its levels.
You also visited: Ossuary.

You collected 196 gold pieces.
You spent 102 gold pieces at shops.

Inventory:

Hand Weapons
 e - a +1 hand crossbow
 h - a +0 mace
 A - a +3 dagger (weapon)
Missiles
 g - 2 tomahawks (quivered)
 q - 2 curare-tipped needles
 y - 12 bolts
Armour
 a - a +0 robe (worn)
 i - a +1 helmet (worn)
 o - a +0 cloak (worn)
 v - a +0 pair of boots (worn)
 x - a +0 buckler
Jewellery
 f - a +2 ring of protection
 j - an uncursed ring of ice
 r - a ring of protection from cold (right hand)
 s - an uncursed ring of protection from fire
 E - a ring of fire (left hand)
Wands
 n - a wand of teleportation (3/9)
 u - a wand of confusion (42/48)
 C - a wand of slowing (25/48)
Scrolls
 d - 2 scrolls of remove curse
 w - a scroll of enchant armour
 B - a scroll of teleportation
 J - a scroll of magic mapping
Potions
 k - a potion of invisibility {unknown}
 l - a potion of haste {unknown}
 m - a potion of resistance {unknown}
 t - a potion of heal wounds {unknown}
 z - 2 potions of agility
 D - a potion of curing {unknown}
 F - a potion of might {unknown}
 G - a potion of brilliance {unknown}
 K - a potion of cancellation {unknown}
 M - a potion of mutation {unknown}
Books
 b - a book of Flames

   Spells                             Type                      Level
   a - Flame Tongue                   Conjuration/Fire             1
   b - Throw Flame                    Conjuration/Fire             2
   c - Conjure Flame                  Conjuration/Fire             3
   d - Inner Flame                    Hexes/Fire                   3
   e - Sticky Flame                   Conjuration/Fire             4
   f - Fireball                       Conjuration/Fire             5
Comestibles
 c - 4 bread rations
 p - 4 meat rations
 H - 8 slices of pizza


   Skills:
 - Level 2.4 Dodging
 - Level 2.4 Stealth
 + Level 8.7 Spellcasting
 * Level 8.1 Conjurations
 + Level 7.6 Fire Magic


You had 9 spell levels left.
You knew the following spells:

 Your Spells              Type           Power        Failure   Level  Hunger
a - Flame Tongue          Conj/Fire      #####        1%          1    None
b - Conjure Flame         Conj/Fire      ######..     1%          3    None
c - Sticky Flame          Conj/Fire      ######..     2%          4    ##.....
d - Fireball              Conj/Fire      ######....   10%         5    ####...
e - Throw Flame           Conj/Fire      ######       1%          2    None


Dungeon Overview and Level Annotations

Branches:
Dungeon (9/15)             Temple (1/1) D:6
   Lair: D:8-11         Orc: D:9-12

Altars:
Cheibriados
Elyvilon
Fedhas
Gozag
Makhleb
Qazlal
Trog
Vehumet
The Shining One

Shops:
D:5 *

Annotations:
D:6 Edmund, Pikel
D:9 Gastronok


Message History

An orc priest comes into view. It is wielding a mace.
The orc priest shouts!
An orc comes into view. It is wielding a club.
The orc priest barely misses you.
An orc priest comes into view. It is wielding a falchion.
Casting: Flame Tongue
Confirm with . or Enter, or press ? or * to list all spells.
Aiming: Sticky Flame
Press: ? - help, Shift-Dir - straight line, f - orc priest
Aim: an orc priest, wielding a mace and wearing a scale mail You feel a surge of power!
The sticky flame hits the orc priest.
The orc priest is heavily wounded.
The orc priest is covered in liquid flames!
The orc priest shouts!
The orc shouts!
The orc priest burns!
The orc priest mumbles some strange prayers to Beogh against you.
Beogh smites you!
* * * LOW HITPOINT WARNING * * *
The orc priest hits you with a mace!
You die...

#.#
#≈≈≈..##
##.##
#≈≈≈≈..#
##...#
##≈≈_≈..#
.....#
#..≈≈.≈.#
.....#
#.≈≈≈.≈.#
.....#
#.......#
....##
#####..##
....#
#.########
###.#
#.#.@ooo.#
.#
#.#.####.#
.# #...# #
##..# #..#
##># ###


You could see 2 orc priests and an orc.

Vanquished Creatures
  A hippogriff (D:8)
  3 yaks (D:9)
  A human (D:9)
  A hungry ghost (D:6)
  An orc warrior (D:9)
  A sky beast (D:5)
  2 ogres
  A giant frog (D:6)
  2 scorpions
  A howler monkey (D:6)
  A quasit (D:6)
  An orc priest (D:9)
  A hound (D:8)
  2 jellies (D:5)
  An orc wizard (D:9)
  3 giant frog skeletons
  A worker ant (D:4)
  3 mummies (Ossuary)
  3 adders
  3 gnolls (D:4)
  A shadow imp (D:9)
  3 adder zombies (Ossuary)
  2 adder skeletons
  4 giant geckos
  11 orcs
  6 hobgoblins
  9 jackals
  3 kobolds (D:3)
  3 quokkas
  5 bats
  3 giant newts (D:1)
  A goblin (D:1)
  4 goblin zombies (Ossuary)
  5 hobgoblin zombies (Ossuary)
  A kobold zombie (Ossuary)
  2 quokka zombies (Ossuary)
  4 rats (D:1)
  3 rat zombies (Ossuary)
103 creatures vanquished.

Notes
Turn   | Place    | Note
-------+----------+-------------------------------------------
     0 | D:1      | PurpleRed the Deep Elf Fire Elementalist began the quest for the Orb.
     0 | D:1      | Reached XP level 1. HP: 10/10 MP: 6/6
    77 | D:1      | Reached XP level 2. HP: 12/15 MP: 0/8
   228 | D:2      | Reached XP level 3. HP: 19/19 MP: 0/10
   264 | D:3      | Learned a level 3 spell: Conjure Flame
   390 | D:3      | Found a snail-covered altar of Cheibriados.
   419 | D:5      | Entered Level 5 of the Dungeon
   601 | D:5      | Reached XP level 4. HP: 24/24 MP: 9/12
   664 | D:5      | Noticed a phantom
   671 | D:4      | Reached skill level 5 in Spellcasting
   671 | D:4      | Reached XP level 5. HP: 14/28 MP: 7/14
   699 | D:4      | Learned a level 4 spell: Sticky Flame
   705 | D:4      | Learned a level 5 spell: Fireball
   734 | D:3      | Found an opulent altar of Gozag.
   742 | D:3      | Noticed an air elemental
   748 | D:3      | Found a stormy altar of Qazlal.
   956 | D:5      | Found Kett's Assorted Antiques.
   963 | D:5      | Bought a scroll labeled NOXTAGREATH for 34 gold pieces
   963 | D:5      | Bought a scroll labeled ITSAFR LEALUTO for 34 gold pieces
   963 | D:5      | Bought a scroll labeled ZUSUME YHOFRAL for 34 gold pieces
   977 | D:5      | Noticed a sky beast
   984 | D:5      | Killed a sky beast
   984 | D:5      | Reached skill level 5 in Fire Magic
   984 | D:5      | Reached XP level 6. HP: 32/32 MP: 9/16
  1133 | D:6      | Found a staircase to the Ecumenical Temple.
  1147 | D:6      | Reached XP level 7. HP: 27/36 MP: 7/18
  1248 | D:6      | Found a bloodstained altar of Trog.
  1275 | D:6      | Noticed a hungry ghost
  1309 | D:6      | Killed a hungry ghost
  1309 | D:6      | Reached skill level 5 in Conjurations
  1345 | Temple   | Entered the Ecumenical Temple
  1352 | Temple   | Became a worshipper of Vehumet
  1389 | D:6      | Noticed Edmund
  1400 | D:6      | Noticed Pikel
  1469 | D:8      | Learned a level 2 spell: Throw Flame
  1571 | D:8      | Found a blossoming altar of Fedhas.
  1653 | D:9      | Noticed a green ugly thing
  1690 | D:8      | Noticed a hippogriff
  1755 | D:8      | Killed a hippogriff
  1755 | D:8      | Reached XP level 8. HP: 37/41 MP: 14/21
  1823 | D:8      | Found a sand-covered staircase.
  1832 | Ossuary  | Entered an ossuary
  1882 | Ossuary  | Reached * piety under Vehumet
  1882 | Ossuary  | Offered knowledge of Magic Dart by Vehumet.
  2092 | D:9      | Found a glowing golden altar of the Shining One.
  2196 | D:9      | Noticed Gastronok
  2300 | D:8      | HP: 1/41 [orc priest/divine providence (11)]
  2300 | D:8      | Mangled by an orc priest

Vault maps used:
D:1:      lightli_iron_boxes
D:2:      minmay_roachtagon, zin_treasury, minmay_statues_item, st_stairs_13,
          minmay_item_behind_shaft
D:3:      cheibriados_altar_wand_db, nicolae_qazlal_style_of_elements,
          nicolae_overflow_crystal_walls, dancing_weapons_uskayaw,
          corexii_leaking_fountain, minmay_snake_closets
D:4:      kennysheep_goblin_castle, first_bread, nicolae_underground_beach
D:5:      gammafunk_temple_overflow_claw, serial_shops,
          nicolae_shop_statue_plus, minmay_holes
D:6:      basic_altar, uniq_eustachio, uniq_pikel, uniq_edmund
D:7:      marbit_many_paths
D:8:      fedhas_altar_2, enter_ossuary_1, david_defended_altar_orc, uniq_joseph
D:9:      lemuel_blue_sif_altar, lemuel_crystal_altar, grunt_pizzeria,
          nicolae_alphabet_shops, uniq_erolcha, uniq_gastronok
Temple:   compressed_dpeg_triangle_lava_temple
Ossuary:  ossuary_minmay_chase

Skill      XL: |  1  2  3  4  5  6  7  8 |
---------------+-------------------------+-----
Conjurations   | 2 3 4 5 8 |  8.1
Spellcasting   | 4 5 6 7 8 |  8.7
Fire Magic     | 4 5 6 7 |  7.6
Dodging        | |  2.4
Stealth        | |  2.4

Action                   |  1- 3 |  4- 6 |  7- 9 || total
-------------------------+-------+-------+-------++-------
Melee: Hand axe          |    22 |     4 |       ||    26
       Mace              |       |     4 |    79 ||    83
       Dagger            |       |       |     3 ||     3
 Fire: Hand crossbow     |       |       |    34 ||    34
Throw: Tomahawk          |     7 |     2 |     1 ||    10
 Cast: Flame Tongue      |    53 |    28 |    66 ||   147
       Sticky Flame      |       |     8 |     8 ||    16
       Fireball          |       |     1 |     8 ||     9
       Throw Flame       |       |       |     4 ||     4
       Conjure Flame     |       |       |     2 ||     2
Evoke: Wand              |       |       |     1 ||     1
  Use: Scroll            |     2 |     5 |     6 ||    13
 Stab: Sleeping          |       |       |     1 ||     1
  Eat: Chunk             |       |     2 |     3 ||     5
       Beef jerky        |       |       |     1 ||     1
       Pizza             |       |       |     1 ||     1
Armor: Robe              |    19 |     8 |    43 ||    70
Dodge: Dodged            |    58 |    29 |   105 ||   192
